 Dungeon Crawl Stone Soup version 0.20-a0-9-g62d82d9 (webtiles) character file.

66 Naow the Firebug (level 3, -1/19 HPs)
             Began as a Deep Elf Fire Elementalist on Nov 1, 2016.
             Slain by Ijyb
             ... wielding a +0 dagger
              (2 damage)
             ... on level 2 of the Dungeon.
             The game lasted 00:05:00 (2214 turns).

Naow the Firebug (Deep Elf Fire Elementalist)       Turns: 2214, Time: 00:05:01

Health: -1/19      AC:  2    Str: 11    XL:     3   Next: 96%
Magic:  0/10       EV: 14    Int: 19    God:
Gold:   107        SH:  0    Dex: 15    Spells: 3 memorised, 3 levels left

rFire  . . .     SeeInvis .     k - +0 short sword
rCold  . . .     Gourm    .     a - +0 robe
rNeg   . . .     Faith    .     (no shield)
rPois  .         Spirit   .     (no helmet)
rElec  .         Reflect  .     (no cloak)
rCorr  .         Harm     .     (no gloves)
MR     .....                    (no boots)
Stlth  ++........               (no amulet)
                                (no ring)
                                (no ring)

@: mighty
A: no striking features
a: no special abilities


You were on level 2 of the Dungeon.
You were not hungry.

You visited 1 branch of the dungeon, and saw 3 of its levels.

You collected 107 gold pieces.

Inventory:

Hand Weapons
 k - a +0 short sword (weapon)
Missiles
 v - 16 poisoned needles
Armour
 a - a +0 robe (worn)
Jewellery
 p - a +4 ring of strength {unknown}
Scrolls
 d - 4 scrolls of remove curse {unknown}
 e - 3 scrolls of magic mapping {unknown}
 h - a scroll of amnesia {unknown}
 i - 3 scrolls of identify {unknown}
 l - a scroll of recharging {unknown}
 q - a scroll of blinking {unknown}
Potions
 f - a potion of resistance {unknown}
 g - a potion of might
 m - a potion of haste {unknown}
 n - a potion of cure mutation {unknown}
 o - a potion of lignification {unknown}
 r - a potion of curing {unknown}
 s - a potion of heal wounds {unknown}
 t - a potion of flight {unknown}
 u - a potion of mutation {unknown}
Books
 b - a book of Flames

   Spells                             Type                      Level
   a - Flame Tongue                   Conjuration/Fire             1
   b - Throw Flame                    Conjuration/Fire             2
   c - Conjure Flame                  Conjuration/Fire             3
   d - Inner Flame                    Hexes/Fire                   3
   e - Sticky Flame                   Conjuration/Fire             4
   f - Fireball                       Conjuration/Fire             5
Comestibles
 c - 2 bread rations
 j - a beef jerky


   Skills:
 + Level 3.4 Dodging
 - Level 2.4 Stealth
 + Level 3.6 Spellcasting
 + Level 2.3 Conjurations
 + Level 3.9 Fire Magic


You had 3 spell levels left.
You knew the following spells:

 Your Spells              Type           Power        Failure   Level  Hunger
a - Flame Tongue          Conj/Fire      ###..        4%          1    None
b - Throw Flame           Conj/Fire      ###...       8%          2    ##.....
c - Conjure Flame         Conj/Fire      ###.....     12%         3    ###....


Dungeon Overview and Level Annotations

Branches:
Dungeon (3/15)

Altars:
The Shining One

Annotations:
D:2 Ijyb
D:3 Natasha; Sigmund; smajdalf's ghost, novice TeAE


Message History

Casting: Flame Tongue
Confirm with . or Enter, or press ? or * to list all spells.
Aiming: Flame Tongue
Press: ? - help, Shift-Dir - straight line, f/p - Ijyb
Aim: Ijyb, wielding a dagger (heavily wounded)
The flame tongue misses Ijyb.
The giant cockroach bites you but does no damage.
Ijyb closely misses you. The giant cockroach closely misses you.
Casting: Flame Tongue
Confirm with . or Enter, or press ? or * to list all spells.
Aiming: Flame Tongue
Press: ? - help, Shift-Dir - straight line, f/p - Ijyb
Aim: Ijyb, wielding a dagger (heavily wounded)
The flame tongue hits Ijyb.
Ijyb is almost dead.
Ijyb completely misses you. The giant cockroach closely misses you.
It was a potion of might.
You feel very mighty all of a sudden. Ijyb hits you with a dagger.
You die...

############ #..........###
#####.######.....# # #.....#
#.....#######
##########.##########...(.'......
.........#.##......##....รท##.....
.######.##.##......##.....##.###.
.######.##.##......##.....##.#.#.
............'..g@s.##.....##.#...
.######....##......###.......#...
.## ###.######.....#.##########
..### #.# #####.#........... ....#
#.# #.#..######### ....# #.#
#.#......# ....# #.#
#....###.#####
....#####.############### #......
##'##...............# #######


You could see Ijyb and a giant cockroach.

Vanquished Creatures
  2 adders (D:2)
  2 worms (D:2)
  3 dart slugs (D:1)
  A ball python (D:1)
  8 bats
  3 giant cockroaches
  6 goblins
  2 hobgoblins (D:1)
  6 kobolds
  A frilled lizard (D:2)
  4 rats
38 creatures vanquished.

Notes
Turn   | Place    | Note
-------+----------+-------------------------------------------
     0 | D:1      | Naow the Deep Elf Fire Elementalist began the quest for the Orb.
     0 | D:1      | Reached XP level 1. HP: 10/10 MP: 6/6
   288 | D:1      | Reached XP level 2. HP: 15/15 MP: 5/8
   845 | D:2      | Found a glowing golden altar of the Shining One.
   916 | D:2      | Reached XP level 3. HP: 19/19 MP: 6/9
   951 | D:2      | Learned a level 2 spell: Throw Flame
   955 | D:2      | Learned a level 3 spell: Conjure Flame
  1513 | D:3      | Noticed Natasha
  1678 | D:3      | Noticed smajdalf's ghost (novice TeAE)
  2202 | D:3      | Noticed Sigmund
  2202 | D:3      | Noticed Ijyb
  2214 | D:2      | Slain by Ijyb

Vault maps used:
D:1:      evilmike_arrival_rings, grunt_decor_one_mirror
D:2:      nicolae_overflow_crystal_walls, minmay_goblin_kobold_house
D:3:      minitemple, uniq_sigmund, uniq_natasha, uniq_iyjb

Skill      XL: |  1  2  3 |
---------------+----------+-----
Dodging        | 3 |  3.4
Conjurations   | 2 |  2.3
Stealth        | |  2.4
Spellcasting   | |  3.6
Fire Magic     | |  3.9

Action                   || total
-------------------------++-------
Melee: Unarmed           ||     3
       Short sword       ||     7
 Cast: Flame Tongue      ||    69
       Throw Flame       ||    21
  Use: Potion            ||     1
  Eat: Chunk             ||     2
       Meat ration       ||     1
Armor: Robe              ||    12
Dodge: Dodged            ||    35
